Map: Deathaura LE

Players

NationalFire - Winner!

  • Race: Terran Terran
  • League: Bronze
  • Spawn Location: 11:00

Throwfordays

  • Race: Protoss Protoss
  • League: Silver
  • Spawn Location: 5:00

VOD

Have the link to the VOD?

Description

Time

  • Played on: June 29, 2020, 10:51 p.m.
  • Length: 5:16
Show
View Real Time Build Order
Export as new Build Order

NationalFire Terran - Winner!

Build Orders:  

Get SALT Encoding   

  12  0:00  SCV  
  13  0:13  SCV  
  14  0:19  Supply Depot  
  14  0:25  SCV  
  15  0:41  SCV  
  16  0:43  Barracks  
  16  0:53  SCV  
  16  0:56  Barracks  
  17  1:05  SCV  
  18  1:17  SCV  
  20  1:35  Orbital Command  
  20  1:36  Marine  
  20  1:44  Refinery  
  20  1:51  Barracks  
  20  1:52  Barracks  
  20  2:00  Supply Depot  
  20  2:04  SCV  
  20  2:05  Marine x2  
  23  2:22  SCV  
  24  2:24  Marine x2  
  24  2:29  Supply Depot  
  26  2:34  SCV  
  27  2:38  Barracks Tech Lab  
  27  2:40  Barracks Tech Lab  
  27  2:42  Marine  
  28  2:46  SCV  
  28  2:47  Marine  
  30  2:53  Supply Depot  
  30  2:57  Refinery  
  30  2:59  Marauder  
  30  3:00  Marauder  
  30  3:02  SCV  
  30  3:04  Marine  
  36  3:08  Marine  
  37  3:15  Supply Depot  
  37  3:20  Reaper  
  37  3:21  Marine  
  37  3:22  SCV  
  37  3:24  Marine  
  41  3:33  Marine  
  42  3:35  SCV  
  42  3:40  Supply Depot  
  42  3:41  Marine  
  43  3:47  SCV  
  45  3:51  Marine  
  45  3:54  Factory  
  46  3:59  SCV  
  47  4:04  Marine  
  47  4:06  Marauder  
  47  4:07  Marauder  
  52  4:11  SCV  
  52  4:16  Marine  
  54  4:23  SCV  
  48  4:58  Marine x2  
  54  5:00  SCV  
  54  5:03  Command Center  
  54  5:06  Barracks  
  55  5:09  Supply Depot  
Show
View Real Time Build Order
Export as new Build Order

Throwfordays Protoss 

Build Orders: 1 Gate Expand, Double Forge 

Get SALT Encoding   

  12  0:01  Probe  
  13  0:13  Probe  
  14  0:18  Pylon  
  14  0:25  Probe  
  15  0:37  Gateway  
  15  0:44  Probe  
  16  0:52  Probe  
  16  0:55  Assimilator  
  17  1:02  Probe  
  18  1:28  Nexus  
  18  1:32  Zealot  
  20  1:42  Cybernetics Core  
  20  1:47  Probe  
  21  1:59  Pylon, Probe  
  22  2:05  Warp Gate  
  22  2:11  Probe  
  23  2:20  Gateway  
  23  2:25  Probe  
  23  2:29  Assimilator  
  24  2:37  Probe  
  24  2:39  Pylon  
  25  2:48  Probe  
  25  2:55  Probe  
  25  2:57  Probe  
  27  3:02  Adept  
  30  3:07  Probe  
  30  3:08  Adept, Probe  
  34  3:19  Robotics Facility, Probe  
  35  3:20  Probe  
  36  3:32  Probe  
  36  3:33  Probe  
  38  3:34  Assimilator  
  38  3:38  Assimilator  
  38  3:44  Probe  
  38  3:45  Probe  
  38  3:46  Twilight Council  
  40  3:56  Probe  
  40  3:58  Probe  
  42  4:05  Adept  
  42  4:06  Adept  
  42  4:08  Observer, Probe  
  48  4:10  Probe  
  49  4:20  Forge, Probe  
  49  4:22  Probe  
  51  4:29  Forge  
  47  4:31  Adept  
  47  4:32  Adept  
  47  4:36  Shield Battery  
  45  4:39  Shield Battery  
  41  4:47  Shield Battery  
  41  4:52  Pylon  
  41  4:53  Adept x2  
  40  5:03  Pylon  
  40  5:10  Pylon  
Tags
 
Add a new tag
Caveats
  • Supply blocks, unpowered buildings, or Contaminate may cause inaccurate times.
  • Supply counts are checked every 10 seconds.